 Dungeon Crawl Stone Soup version 0.27.1-33-g824d729ab1 (webtiles) character file.

Game seed: 4274093169837449490

183 pkoi the Ruffian (level 5, -3/41 HPs)
             Began as a Draconian Gladiator on Dec 3, 2021.
             Was a Believer of Elyvilon.
             Slain by Ijyb (8 damage)
             ... on level 3 of the Dungeon.
             The game lasted 00:02:13 (2864 turns).

pkoi the Ruffian (Draconian Gladiator)              Turns: 2864, Time: 00:02:14

Health: -3/41      AC:  6    Str: 17    XL:     5   Next: 35%
Magic:  7/7        EV: 12    Int:  9    God:    Elyvilon [**....]
Gold:   51         SH:  0    Dex: 12    Spells: 4/4 levels left

rFire    . . .     SeeInvis .     - Unarmed
rCold    . . .     Faith    .   (no shield)
rNeg     . . .     Spirit   .   (armour unavailable)
rPois    .         Reflect  .   a - +0 hat
rElec    .         Harm     .   i - +0 cloak
rCorr    .         Rampage  .   (no gloves)
Will     .....                  (no boots)
Stlth    +.........             (no amulet)
HPRegen  0.13/turn              (no ring)
MPRegen  0.10/turn              (no ring)

@: no status effects
A: AC +5, unfitting armour, cold-blooded
a: Renounce Religion, Lesser Healing, Heal Other, Divine Protection


You were on level 3 of the Dungeon.
You worshipped Elyvilon.
Elyvilon was pleased with you.
You visited 1 branch of the dungeon, and saw 3 of its levels.

You collected 51 gold pieces.

Inventory:

Missiles
 b - 3 throwing nets (quivered)
 d - 5 boomerangs
Armour
 a - a +0 hat (worn)
 i - a +0 cloak (worn)
Scrolls
 f - a scroll of brand weapon {unknown}
 h - a scroll of identify
 j - a scroll of enchant armour {unknown}
 k - a scroll of fog {unknown}
 l - a scroll of enchant weapon {unknown}
Potions
 c - a potion of heal wounds {unknown}
 e - a potion of invisibility
 g - a potion of mutation {unknown}
 m - a potion of attraction {unknown}


   Skills:
 - Level 2.1 Fighting
 - Level 1.7 Throwing
 - Level 2.6 Dodging
 + Level 5.1 Unarmed Combat
 + Level 3.3 Invocations


You had 4 spell levels left.
You didn't know any spells.
Your spell library contained the following spells:

 Spells                   Type           Power      Damage    Failure   Level
 Stone Arrow              Conj/Erth      0%         3d7       77%         3
 Blade Hands              Tmut           0%         N/A       100%        5
 Iron Shot                Conj/Erth      0%         9d1       100%        6
 Lehudib's Crystal Spear  Conj/Erth      0%         10d2      100%        8
 Animate Armour           Summ/Erth      Unusable   N/A       N/A         4

Dungeon Overview and Level Annotations

Branches:
Dungeon (3/15)

Altars:
Cheibriados
Elyvilon
Qazlal

Annotations:
D:3 Ijyb


Innate Abilities, Weirdness & Mutations

Your plain brown scales are hard. (AC +5)
You cannot fit into any form of body armour.
You are cold-blooded and may be slowed by cold attacks.


Message History

Ijyb is heavily wounded.
Ijyb barely misses you.
You hit Ijyb but do no damage.
Your tail-slap misses Ijyb.
Ijyb is heavily wounded.
Ijyb closely misses you.
You barely miss Ijyb. You tail-slap Ijyb, but do no damage.
Ijyb is heavily wounded.
You punch Ijyb!
Your tail-slap misses Ijyb.
Ijyb is almost dead.
Ijyb screams, "Level is mine!
All mine!"
Ijyb closely misses you.
You hit Ijyb but do no damage.
Ijyb is almost dead.
Ijyb hits you with a +5 club!
* * * LOW HITPOINT WARNING * * *
You barely miss Ijyb. You tail-slap Ijyb, but do no damage.
Ijyb is almost dead.
Ijyb completely misses you.
You hit Ijyb but do no damage.
Ijyb is almost dead.
Ijyb hits you with a +5 club.
* * * LOW HITPOINT WARNING * * *
You hit Ijyb.
Ijyb is almost dead.
Ijyb completely misses you.
You closely miss Ijyb.
Ijyb is almost dead.
Ijyb screams, "Me very upset!"
Ijyb hits you with a +5 club!
* * * LOW HITPOINT WARNING * * *
You closely miss Ijyb.
Ijyb is almost dead.
Ijyb hits you but does no damage.
You closely miss Ijyb. You tail-slap Ijyb, but do no damage.
Ijyb is almost dead.
Ijyb hits you but does no damage.
You hit Ijyb but do no damage.
Ijyb is almost dead.
Ijyb hits you with a +5 club!
You die...

# # #.# ## #.# .#
#.# .# #.#
.######.# #.#
.......[# #.#
..###### #g#
.<....##########@#
.................#
#####.############
#.# #^# ..# ###


You could see Ijyb.

Vanquished Creatures
  A necrophage (D:2)
  4 adders
  6 bats
  5 endoplasms
  2 giant cockroaches
  10 goblins
  6 hobgoblins
  6 jackals
  2 kobolds (D:3)
  A quokka (D:1)
  7 ball pythons
  A frilled lizard (D:2)
  6 rats
57 creatures vanquished.

Notes
Turn   | Place    | Note
-------+----------+-------------------------------------------
     0 | D:1      | pkoi the Draconian Gladiator began the quest for the Orb.
     0 | D:1      | Reached XP level 1. HP: 17/17 MP: 1/1
   167 | D:1      | Found a faded altar of an unknown god.
   432 | D:1      | Reached XP level 2. HP: 24/24 MP: 2/2
   547 | D:1      | You fall into a shaft and drop 1 floor!
   549 | D:2      | Found a white marble altar of Elyvilon.
   561 | D:2      | Became a worshipper of Elyvilon the Healer
   744 | D:1      | Reached skill level 4 in Unarmed Combat
  1188 | D:2      | Reached skill level 1 in Invocations
  1188 | D:2      | Reached XP level 3. HP: 25/29 MP: 3/3
  1395 | D:2      | Reached * piety under Elyvilon
  1967 | D:2      | Noticed a necrophage
  1979 | D:2      | Killed a necrophage
  1980 | D:2      | Reached XP level 4. HP: 24/36 MP: 4/6
  2230 | D:2      | Reached XP level 5. HP: 41/41 MP: 7/7
  2364 | D:3      | Reached skill level 5 in Unarmed Combat
  2580 | D:3      | Found a stormy altar of Qazlal.
  2581 | D:3      | Found a snail-covered altar of Cheibriados.
  2638 | D:3      | Reached ** piety under Elyvilon
  2837 | D:3      | Noticed Ijyb
  2864 | D:3      | Slain by Ijyb

Illustrated notes

Levels and vault maps discovered:
D:1:      amcnicky_arrival_blooded_trapdoor, layout_loops_cross,
          shapermc_ecumenical_altar_mp_highgroup
D:2:      layout_basic, basic_altar
D:3:      layout_basic, gammafunk_temple_overflow_pools, uniq_ijyb

Skill      XL: |  1  2  3  4  5 |
---------------+----------------+-----
Unarmed Combat | 4 5 |  5.1
Invocations    | 1 2 3 |  3.3
Fighting       | |  2.1
Throwing       | |  1.7
Dodging        | |  2.6

Action                   |  1- 3 |  4- 6 || total
-------------------------+-------+-------++-------
Melee: Unarmed           |   121 |   101 ||   222
       Tailslap          |    16 |    13 ||    29
       Punch             |     4 |     1 ||     5
  Use: Scroll            |     2 |       ||     2
 Stab: Sleeping          |       |     2 ||     2
Armor: Skin              |    43 |    33 ||    76
Dodge: Dodged            |    71 |    61 ||   132
